AoeStats
← Enki

Arena

510147904Analyzed
3v3 RM · 3d ago on Sep 29, 2026· 40m 32s· 6 players
Game mode
Random Map
Map size
Normal (6 player)
Population
200
Speed
Normal
Resources
Standard
Victory
Conquest
Starting age
Dark Age
Ending age
Imperial Age
RankedLock teamsTeams togetherTeam positionsShared explorationLock speedFull tech treeHidden civsTurbo modeCheats
Victory
Defeat
🇦🇷 Huns · Argentina
925
+14
🇦🇷 Franks · Argentina
812
+19
🇨🇿 Byzantines · Czechia
808
+19
🇦🇿 Persians · Azerbaijan
881
-18
🇩🇪 Bengalis · Germany
880
-17
🇨🇳 Khmer · China
878
-17
Drako
10:52 Feudal Age
12:49 Double-Bit Axe
17:46 Castle Age
16:20 Horse Collar
19:09 Fletching
19:52 Bow Saw
21:58 Wheelbarrow
21:52 Loom
23:51 Crossbowman
28:48 Imperial Age
27:00 Hand Cart
27:20 Bodkin Arrow
30:10 Murder Holes
31:16 Chemistry
29:43 Arbalester
31:37 Pikeman
34:42 Ballistics
35:30 Onager
38:38 Halberdier
40:21 Man-at-Arms
TermodeMiller
5:00 Loom
10:45 Feudal Age
11:16 Double-Bit Axe
13:09 Gold Mining
20:05 Castle Age
18:22 Stone Mining
18:49 Fletching
19:02 Padded Archer Armor
19:54 Forging
21:08 Bow Saw
22:18 Bodkin Arrow
22:25 Town Watch
22:57 Crossbowman
24:39 Leather Archer Armor
33:04 Ballistics
33:54 Husbandry
34:02 Scale Barding Armor
36:31 Wheelbarrow
36:37 Fortified Wall
40:04 Hand Cart
Enki
0:29 Loom
10:40 Feudal Age
15:37 Castle Age
15:02 Double-Bit Axe
18:42 Bow Saw
18:33 Horse Collar
23:43 Wheelbarrow
25:45 Fletching
31:24 Imperial Age
28:42 Town Watch
29:13 Hand Cart
29:48 Gold Mining
29:59 Bodkin Arrow
32:16 Bloodlines
31:28 Cavalier
32:11 Husbandry
32:24 Forging
32:21 Scale Barding Armor
34:37 Conscription
35:24 Iron Casting
40:01 Paladin
Ks1lence
3:22 Loom
6:01 Loom
10:44 Feudal Age
15:26 Castle Age
14:03 Double-Bit Axe
14:25 Horse Collar
34:10 Imperial Age
31:51 Heavy Plow
34:12 Light Cavalry
38:18 Pikeman
TimTikal
3:10 Loom
10:52 Feudal Age
16:32 Castle Age
20:08 Fletching
20:08 Double-Bit Axe
20:24 Gold Mining
21:26 Bow Saw
21:15 Bodkin Arrow
22:38 Padded Archer Armor
23:43 Gold Shaft Mining
25:31 Wheelbarrow
29:38 Stone Mining
30:27 Horse Collar
33:36 Hand Cart
33:55 Leather Archer Armor
33:52 Heavy Plow
38:08 Imperial Age
37:40 Pikeman
38:21 Squires
trn25
11:52 Feudal Age
13:07 Wheelbarrow
12:20 Double-Bit Axe
12:26 Gold Mining
12:57 Horse Collar
19:58 Castle Age
18:19 Stone Mining
19:53 Scale Barding Armor
19:58 Forging
21:28 Bow Saw
21:23 Heavy Plow
24:08 Gold Shaft Mining
27:08 Hand Cart
29:54 Imperial Age
27:56 Chain Barding Armor
30:35 Stone Shaft Mining
31:27 Husbandry
32:50 Bloodlines
33:34 Crop Rotation
33:43 Plate Barding Armor
34:37 Conscription
38:10 Cavalier
41:36 Iron Casting
Connection lost

Rejoining the realm…

Still unreachable

The connection could not be restored.

Session expired

The server has moved on; the page needs a fresh start.